 Dungeon Crawl Stone Soup version 0.31-a0-731-ga75f04deac (webtiles) character file.

Game seed: 16435565652912612909

60 Ijustatesigmund the Firebug (level 3, 0/20 HPs)
             Began as a Deep Elf Fire Elementalist on Sept 12, 2023.
             Slain by a gnoll
             ... wielding a +2 flail of protection
              (4 damage)
             ... on level 2 of the Dungeon.
             The game lasted 00:02:34 (1486 turns).

Ijustatesigmund the Firebug (DEFE)                  Turns: 1486, Time: 00:02:35

Health: 0/20       AC:  2    Str:  5    XL:     3   Next: 82%
Magic:  8/10       EV: 12    Int: 21    God:
Gold:   43         SH:  0    Dex: 15    Spells: 6/9 levels left

rFire   . . .        g - +3 dagger (elec)
rCold   . . .        (no shield)
rNeg    . . .        a - +0 robe
rPois   .            (no helmet)
rElec   .            (no cloak)
rCorr   .            (no gloves)
SInv    .            (no boots)
Will    .....        (no amulet)
Stlth   ++           (no ring)
HPRegen 0.23/turn    (no ring)
MPRegen 0.12/turn

%: no passive effects
@: no status effects
A: no striking features
a: no special abilities


You were on level 2 of the Dungeon.
You visited 1 branch of the dungeon, and saw 3 of its levels.

You collected 43 gold pieces.

Inventory:

Hand Weapons
 g - a +3 dagger of electrocution (weapon)
Armour
 a - a +0 robe (worn)
Jewellery
 d - an amulet of reflection
Wands
 f - a wand of flame (6)
Potions
 b - a potion of magic
 c - a potion of curing


   Skills:
 + Level 1.2 Fighting
 - Level 2.4 Dodging
 - Level 2.4 Stealth
 + Level 3.8 Spellcasting
 + Level 2.2 Conjurations
 + Level 3.8 Fire Magic


You had 6 spell levels left.
You knew the following spells:

 Your Spells              Type           Power      Damage    Failure   Level
a - Foxfire               Conj/Fire      64%        2x1d7     3%          1
b - Scorch                Fire           40%        2d6       3%          2

Your spell library contained the following spells:

 Spells                   Type           Power      Damage    Failure   Level
 Inner Flame              Hex/Fire       12%        N/A       17%         3
 Volatile Blastmotes      Fire/Tloc      24%        2d12      17%         3
 Flame Wave               Conj/Fire      16%        2d7       34%         4


Dungeon Overview and Level Annotations

Branches:
Dungeon (3/15)

Altars:
Elyvilon


Message History

The gnoll hits you from afar with a +0 halberd!
Ouch! That really hurt!
* * * LOW HITPOINT WARNING * * *
The gnoll misses you.
Okay, then.
Casting: Scorch (safe; 3% risk of failure)
Confirm with . or Enter, or press ? or * to list all spells.
Flames lash the gnoll.
The gnoll is burned terribly!
You kill the gnoll!
You climb downwards.
There is a stone staircase leading up here.
The ball python hisses angrily.
It was a potion of attraction.
You feel attractive to monsters.
Casting: Scorch (safe; 3% risk of failure)
Confirm with . or Enter, or press ? or * to list all spells.
You conjure some foxfire!
The ball python misses you. The ball python grabs you.
The ball python constricts you.
The foxfire hits the ball python.
You kill the ball python!
You start resting.
Your foxfire dissipates!
You start resting.
You feel less attractive to monsters.
You start resting.
HP restored.
You start resting.
Magic restored.
There is a stone staircase leading up here.
You climb upwards.
The gnoll hits you with a +2 flail of protection! x2
* * * LOW HITPOINT WARNING * * *
There is a stone staircase leading down, spattered with blood here.
Casting: Foxfire (safe; 3% risk of failure)
Confirm with . or Enter, or press ? or * to list all spells.
Flames lash the gnoll.
The gnoll is severely wounded.
The gnoll's fire resistance burns away.
The gnoll hits you with a +2 flail of protection.
You die...

#.........# #........
####.###.###.###.......#
......##..#.............
..............).............
......###...####...........#..#..
#####.# #..## #.................
#.###..# #).(..............
#......#####..(..............
#####.......@................
###.....##.g............._..
#####...#.......(...............
#......##..##.##................
#......###.##.##..........<.....
#.....)###.##.##................
#..........##............####...
#......########........†.# ##
#......# ##.........#


You could see a gnoll (combustible).

Vanquished Creatures
  3 gnolls (D:2)
  2 dart slugs (D:2)
  5 ball pythons
  3 endoplasms
  A giant cockroach (D:1)
  A hobgoblin (D:1)
  4 kobolds
  A quokka (D:1)
  3 bats
  2 frilled lizards
  3 goblins
  A rat (D:1)
29 creatures vanquished.

Vanquished Creatures (others)
  58 foxfires
58 creatures vanquished.

Grand Total: 87 creatures vanquished

Notes
Turn   | Place    | Note
-------+----------+-------------------------------------------
     0 | D:1      | Ijustatesigmund the Deep Elf Fire Elementalist began the
                  | quest for the Orb.
     0 | D:1      | Reached XP level 1. HP: 10/10 MP: 6/6
   356 | D:1      | Reached XP level 2. HP: 16/16 MP: 6/8
   359 | D:1      | Learned a level 2 spell: Scorch
  1056 | D:2      | Found a white marble altar of Elyvilon.
  1342 | D:2      | Reached XP level 3. HP: 20/20 MP: 7/10
  1374 | D:2      | Reached skill level 1 in Fighting
  1486 | D:2      | Slain by a gnoll

Illustrated notes

Levels and vault maps discovered:
D:1:      giann_horns, layout_basic
D:2:      layout_rooms, basic_altar, eino_curves_01
D:3:      layout_basic, basic_ecumenical_altar, minmay_misc_feat_more_columns

Skill      XL: |  1  2  3 |
---------------+----------+-----
Fighting       | 1 |  1.2
Conjurations   | 2 |  2.2
Dodging        | |  2.4
Stealth        | |  2.4
Spellcasting   | |  3.8
Fire Magic     | |  3.8

Action                     || total
---------------------------++-------
  Melee: Dagger            ||     3
   Cast: Foxfire           ||    38
         Scorch            ||     9
    Use: Scroll            ||     4
         Potion            ||     1
 Armour: Robe              ||     9
  Dodge: Dodged            ||    11

Table legend: (Time is in decaauts)
 A = Elapsed time spent in this place.
 B = Non-inter-level travel time spent in this place.
 C = Inter-level travel time spent in this place.
 D = Time resting spent in this place.
 E = Time spent auto-exploring this place.
 F = Levels seen in this place.
 G = Mean time per level.
                   A        B        C        D        E       F      G
               +--------+--------+--------+--------+--------+-----+--------+
         Total |   1485 |   1422 |     63 |    445 |    806 |   3 |  495.0 |
       Dungeon |   1485 |   1422 |     63 |    445 |    806 |   3 |  495.0 |
               +--------+--------+--------+--------+--------+-----+--------+

Top non-repeatable levels by time:
     D:1: 1039 daAuts
     D:2: 364 daAuts
     D:3: 82 daAuts
